[Event "Titled Tuesday Blitz March 21 Late 2023"]
[White "Vasquez Schroeder, Rodrigo"]
[Black "Timmermans, Mark"]
[WhiteFideId "3400042"]
[BlackFideId "1026399"]
[WhiteElo "2600"]
[BlackElo "2460"]
[Result "0-1"]
[Round "10"]
[TimeControl "180+2"]
[Date "2023.03.21"]
[WhiteClock "0:00:09"]
[BlackClock "0:00:57"]

1. e4 e5 2. Nf3 Nc6 3. Bb5 f5 4. d3 fxe4 5. dxe4 Nf6 6. O-O d6 7. Nc3 Be7 8. Qd3 O-O 9. Qc4+ Kh8 10. Bxc6 bxc6 11. Qxc6 Rb8 12. Qc4 c6 13. Rd1 d5 14. Qxc6 Bd7 15. Qa6 d4 16. Nxe5 dxc3 17. Nxd7 Nxd7 18. Qxa7 Bc5 19. Qxd7 Qxd7 20. Rxd7 cxb2 21. Bxb2 Rxb2 22. Rd2 Kg8 23. a4 Ra8 24. g3 Rb4 25. Rd5 Bf8 26. a5 Rxe4 27. a6 Re6 28. Rda5 Rc6 29. R1a2 Bb4 30. R5a4 Bc5 31. Kg2 Ba7 32. h4 Rac8 33. Kh3 Bxf2 34. a7 Ra8 35. Kg2 Be3 36. R4a3 Bc5 37. Rc3 Rc7 38. Ra5 Bb6 39. Rxc7 Bxc7 40. Ra6 Kf7 41. g4 Ke7 42. Kf3 Kd7 43. Ke4 Kc8 44. Kd5 Kb7 0-1


[Site "https://www.chess.com"]

[Event "Titled Tuesday Blitz March 21 Late 2023"]
[White "Andreikin, Dmitry"]
[Black "Pakleza, Zbigniew"]
[WhiteFideId "4158814"]
[BlackFideId "1119290"]
[WhiteElo "2736"]
[BlackElo "2410"]
[Result "1-0"]
[Round "10"]
[TimeControl "180+2"]
[Date "2023.03.21"]
[WhiteClock "0:00:21"]
[BlackClock "0:00:01"]

1. c4 c6 2. g3 d5 3. Na3 Nf6 4. Bg2 Bf5 5. Qb3 Qb6 6. cxd5 cxd5 7. Qxb6 axb6 8. Nb5 Kd7 9. Nd4 Bg6 10. Ngf3 Nc6 11. Nxc6 bxc6 12. Ne5+ Kc7 13. d3 e6 14. O-O Kb7 15. Bf4 Bc5 16. Rfc1 Rhc8 17. Rc2 Ne8 18. a3 f6 19. Nxg6 hxg6 20. Rac1 Bd6 21. Bd2 c5 22. e4 Nc7 23. d4 Kb8 24. dxc5 bxc5 25. exd5 exd5 26. Be3 c4 27. Bb6 Ra6 28. Bxc7+ Rxc7 29. Bxd5 Be5 30. Bxc4 Rac6 31. b3 Rd6 32. Kg2 g5 33. Kf3 f5 34. h3 g6 35. Be2 Rxc2 36. Rxc2 Rb6 37. Bc4 Bd6 38. a4 Bb4 39. Re2 Kc7 40. Re8 Rd6 41. Rg8 Kb6 42. Bf7 Rd3+ 43. Kg2 Kc5 44. Rxg6 Bd2 45. Bc4 Rc3 46. Re6 f4 47. gxf4 gxf4 48. h4 f3+ 49. Kg3 Kb4 50. h5 Bc1 51. h6 Rc2 52. h7 Bb2 53. Re8 Rxc4 54. bxc4 1-0


[Site "https://www.chess.com"]

[Event "Titled Tuesday Blitz March 21 Late 2023"]
[White "Holt, Conrad"]
[Black "Duda, Jan-Krzysztof"]
[WhiteFideId "2034387"]
[BlackFideId "1170546"]
[WhiteElo "2592"]
[BlackElo "2790"]
[Result "0-1"]
[Round "10"]
[TimeControl "180+2"]
[Date "2023.03.21"]
[WhiteClock "0:00:04"]
[BlackClock "0:00:09"]

1. d4 Nf6 2. c4 g6 3. Nc3 Bg7 4. e4 d6 5. Nf3 O-O 6. h3 e5 7. d5 Nh5 8. Nh2 Nf4 9. g3 Nxh3 10. Nf3 Nxf2 11. Kxf2 f5 12. exf5 Bxf5 13. Kg2 Na6 14. Nh4 Bd7 15. Be3 e4 16. Be2 Qe7 17. Qd2 Nc5 18. Raf1 Nd3 19. Rxf8+ Rxf8 20. Bxd3 exd3 21. Qxd3 Bxc3 22. bxc3 g5 23. Nf3 Bf5 24. Bxg5 Qxg5 25. Nxg5 Bxd3 26. Rh4 Rf6 27. Rd4 Bb1 28. a3 h6 29. Ne6 c5 30. dxc6 Rxe6 31. c7 Re8 32. Rxd6 Bf5 33. Kf3 h5 34. Kf4 Bg4 35. Kg5 Kf7 36. c5 Rg8+ 37. Kf4 Ke7 38. Rh6 Rc8 39. Rh7+ Ke6 40. Ke4 Bf5+ 41. Kd4 Bxh7 42. Kc4 Rxc7 43. Kb5 Be4 44. c4 Bc6+ 45. Ka5 Rg7 46. Kb4 Rxg3 47. a4 h4 48. a5 h3 49. a6 bxa6 50. Ka5 Rb3 51. Kxa6 Ra3# 0-1


[Site "https://www.chess.com"]

[Event "Titled Tuesday Blitz March 21 Late 2023"]
[White "Bortnyk, Olexandr"]
[Black "Kuznetsov, Felix"]
[WhiteFideId "14120828"]
[BlackFideId "34147990"]
[WhiteElo "2734"]
[BlackElo "2235"]
[Result "1-0"]
[Round "10"]
[TimeControl "180+2"]
[Date "2023.03.21"]
[WhiteClock "0:00:57"]
[BlackClock "0:00:04"]

1. d4 Nf6 2. Nc3 d5 3. Bf4 a6 4. e3 e6 5. a3 c5 6. Nf3 Nc6 7. h3 b5 8. Bd3 Bb7 9. dxc5 Bxc5 10. O-O Ne7 11. Qe2 O-O 12. Rad1 Ng6 13. Bh2 Qb6 14. h4 Rac8 15. e4 dxe4 16. Nxe4 Nxe4 17. Bxe4 Bxe4 18. Qxe4 Rfd8 19. h5 Bxf2+ 20. Kh1 Ne7 21. h6 Qe3 22. Qb7 Nf5 23. Ne5 Qxh6 24. Qxf7+ Kh8 25. Rxd8+ Rxd8 26. Qxf5 exf5 27. Nf7+ Kg8 28. Nxh6+ gxh6 29. Rxf2 Rd1+ 30. Bg1 Rb1 31. c3 Kg7 32. Kh2 Kg6 33. Rd2 h5 34. Be3 h4 35. Rd6+ Kh5 36. Rxa6 Rxb2 37. Kh3 f4 38. Bxf4 1-0


[Site "https://www.chess.com"]

[Event "Titled Tuesday Blitz March 21 Late 2023"]
[White "Adewumi, Tanitoluwa"]
[Black "Bok, Benjamin"]
[WhiteFideId "30966396"]
[BlackFideId "1017063"]
[WhiteElo "2763"]
[BlackElo "2658"]
[Result "1-0"]
[Round "10"]
[TimeControl "180+2"]
[Date "2023.03.21"]
[WhiteClock "0:00:05"]
[BlackClock "0:00:01"]

1. e4 c5 2. Nf3 d6 3. Bb5+ Nd7 4. c3 Nf6 5. Bd3 e6 6. Qe2 Be7 7. O-O a6 8. a4 b6 9. Bc2 Bb7 10. d4 Qc7 11. e5 dxe5 12. dxe5 Nd5 13. Re1 O-O 14. Bg5 h6 15. Qd3 f5 16. exf6 N7xf6 17. Bxf6 Nxf6 18. Rxe6 Rad8 19. Qe2 Bd6 20. Bb3 Kh7 21. Nbd2 Bc8 22. Re3 Rfe8 23. Rxe8 Rxe8 24. Qd3+ g6 25. g3 Rd8 26. Qe2 Bb7 27. Nh4 Qc6 28. Ndf3 Qe4 29. Re1 Qxe2 30. Rxe2 g5 31. Bc2+ Kg8 32. Bb3+ Kh7 33. Bc2+ Kg8 34. Bb3+ Kf8 35. Ng6+ Kg7 36. Nfe5 Bc7 37. f4 gxf4 38. Nxf4 Ng4 39. Nxg4 Kf8 40. Ne5 b5 41. Nfg6+ Kg7 42. Nf4 c4 43. Ne6+ Kf6 44. Nxd8 Bxd8 45. Bc2 Bb6+ 46. Kf1 1-0


[Site "https://www.chess.com"]

[Event "Titled Tuesday Blitz March 21 Late 2023"]
[White "Makarian, Rudik"]
[Black "Postny, Evgeny"]
[WhiteFideId "44105681"]
[BlackFideId "2804344"]
[WhiteElo "2436"]
[BlackElo "2509"]
[Result "1-0"]
[Round "10"]
[TimeControl "180+2"]
[Date "2023.03.21"]
[WhiteClock "0:00:13"]
[BlackClock "0:00:02"]

1. e4 c5 2. b3 d6 3. Bb2 Nc6 4. Bb5 e5 5. f4 exf4 6. Qf3 Qh4+ 7. Kf1 Bd7 8. Ne2 Bg4 9. Qf2 Bxe2+ 10. Kxe2 Qxf2+ 11. Kxf2 Ne7 12. Kf3 Ng6 13. Nc3 a6 14. Bxc6+ bxc6 15. Ne2 d5 16. Nxf4 Bd6 17. Nxg6 fxg6 18. Bxg7 Rg8 19. Bb2 Rf8+ 20. Ke2 dxe4 21. Rhf1 Kd7 22. h3 Ke6 23. Bg7 Rxf1 24. Rxf1 Be7 25. Ke3 Rd8 26. Bc3 Kd5 27. Rf7 Bg5+ 28. Ke2 h5 29. Rg7 Rd6 30. Ra7 Bf6 31. Bxf6 Rxf6 32. Rxa6 Rf5 33. Ra8 Rg5 34. Kf2 Rf5+ 35. Ke3 Rg5 36. Rd8+ Ke5 37. Re8+ Kd5 38. Kf2 Rf5+ 39. Kg1 c4 40. bxc4+ Kd4 41. Re6 Ra5 42. Rd6+ Kc5 43. Rxg6 Rxa2 44. Re6 Kd4 45. Rxc6 Rxc2 46. Rd6+ Ke5 47. Rd5+ Kf4 48. Kf2 h4 49. Rd4 Ke5 50. Ke3 Kf5 51. Rxe4 Kg5 52. Rg4+ Kh5 53. d3 Rc1 54. Kd4 Ra1 55. Kd5 Ra8 56. c5 Rd8+ 57. Kc4 Ra8 58. d4 Ra4+ 59. Kd5 Ra6 60. Ke5 Ra8 61. d5 Re8+ 62. Kd4 Re1 63. c6 Rd1+ 64. Kc5 Rc1+ 65. Kd6 1-0


[Site "https://www.chess.com"]

[Event "Titled Tuesday Blitz March 21 Late 2023"]
[White "Zhigalko, Sergei"]
[Black "Santos Ruiz, Miguel"]
[WhiteFideId "13502956"]
[BlackFideId "22291482"]
[WhiteElo "2626"]
[BlackElo "2504"]
[Result "1-0"]
[Round "10"]
[TimeControl "180+2"]
[Date "2023.03.21"]
[WhiteClock "0:01:09"]
[BlackClock "0:00:20"]

1. e4 e5 2. Nf3 Nc6 3. Bc4 Nf6 4. d3 Bc5 5. O-O d6 6. Nbd2 a6 7. c3 Ba7 8. Bb3 h6 9. Re1 g5 10. Nf1 g4 11. N3d2 h5 12. Nc4 h4 13. Be3 g3 14. fxg3 hxg3 15. h3 Be6 16. Bxa7 Rxa7 17. Nxg3 Kd7 18. Qf3 Nh7 19. Ne3 Ng5 20. Bxe6+ fxe6 21. Qg4 Qe7 22. Nd5 Qd8 23. Rf1 Ra8 24. Nf6+ 1-0


[Site "https://www.chess.com"]

[Event "Titled Tuesday Blitz March 21 Late 2023"]
[White "Bilych, Olexiy"]
[Black "Gharibyan, Mamikon"]
[WhiteFideId "14156504"]
[BlackFideId "13308300"]
[WhiteElo "2320"]
[BlackElo "2445"]
[Result "1-0"]
[Round "10"]
[TimeControl "180+2"]
[Date "2023.03.21"]
[WhiteClock "0:01:24"]
[BlackClock "0:00:11"]

1. e4 c5 2. Nf3 Nc6 3. d4 cxd4 4. Nxd4 Nf6 5. Nc3 e5 6. Ndb5 d6 7. Bg5 a6 8. Na3 b5 9. Bxf6 gxf6 10. Nd5 Bg7 11. g3 f5 12. Bg2 fxe4 13. Bxe4 Be6 14. Qh5 Rc8 15. Rd1 Ne7 16. O-O Rc5 17. Nxe7 Qxe7 18. b4 Rc3 19. Nb1 Rc4 20. Nd2 Rxb4 21. c3 Rb2 22. Bc6+ Kd8 23. Qf3 Kc7 24. c4 bxc4 25. Bd5 Rxd2 26. Rxd2 Rc8 27. Bb7 e4 28. Qxe4 d5 29. Rxd5 Rb8 30. Qf4+ Kxb7 31. Rb1+ Kc6 32. Qxc4+ 1-0


[Site "https://www.chess.com"]

[Event "Titled Tuesday Blitz March 21 Late 2023"]
[White "Plat, Vojtech"]
[Black "Gadimbayli, Abdulla"]
[WhiteFideId "325740"]
[BlackFideId "13404938"]
[WhiteElo "2542"]
[BlackElo "2390"]
[Result "1-0"]
[Round "10"]
[TimeControl "180+2"]
[Date "2023.03.21"]
[WhiteClock "0:01:09"]
[BlackClock "0:00:09"]

1. e4 e5 2. Nf3 d5 3. d3 dxe4 4. dxe4 Qxd1+ 5. Kxd1 Nc6 6. Bb5 Bd7 7. Be3 O-O-O 8. Nfd2 f5 9. exf5 Nge7 10. Nc3 Nxf5 11. Bg5 Be7 12. Bxe7 Ncxe7 13. Bxd7+ Rxd7 14. Ne4 Nd5 15. c3 Nf4 16. g3 Nd3 17. Kc2 Rhd8 18. Rad1 c5 19. a4 b6 20. Nc4 Kc7 21. Rd2 Nd4+ 22. cxd4 Rxd4 23. Rxd3 Rxd3 24. Re1 R8d5 25. Re2 R3d4 26. b3 a6 27. Nc3 Rd8 28. Rxe5 Rf8 29. f4 h6 30. Re7+ Kd8 31. Rxg7 Re8 32. Ne5 1-0


[Site "https://www.chess.com"]

[Event "Titled Tuesday Blitz March 21 Late 2023"]
[White "Korchmar, Vasiliy"]
[Black "Ashraf, Artin"]
[WhiteFideId "24131750"]
[BlackFideId "22514805"]
[WhiteElo "2370"]
[BlackElo "2188"]
[Result "1-0"]
[Round "10"]
[TimeControl "180+2"]
[Date "2023.03.21"]
[WhiteClock "0:00:55"]
[BlackClock "0:00:05"]

1. e4 c5 2. Nf3 d6 3. d4 cxd4 4. Nxd4 Nf6 5. Nc3 a6 6. Be2 e5 7. Nb3 Be7 8. O-O O-O 9. Be3 Be6 10. Nd5 Nbd7 11. Qd3 Bxd5 12. exd5 Nc5 13. Nxc5 dxc5 14. c4 Bd6 15. Rad1 e4 16. Qc2 Qc7 17. g3 Rfe8 18. Rfe1 h6 19. Bd2 Be5 20. Bf1 Bd4 21. Be3 Qe5 22. Bxd4 cxd4 23. Qd2 Ng4 24. Qxd4 Qf5 25. Bh3 e3 26. f3 e2 27. Rd3 h5 28. fxg4 1-0


[Site "https://www.chess.com"]

[Event "Titled Tuesday Blitz March 21 Late 2023"]
[White "Vetoshko, Volodymyr"]
[Black "Galaktionov, Artem"]
[WhiteFideId "14122480"]
[BlackFideId "24175471"]
[WhiteElo "2422"]
[BlackElo "2340"]
[Result "1-0"]
[Round "10"]
[TimeControl "180+2"]
[Date "2023.03.21"]
[WhiteClock "0:00:13"]
[BlackClock "0:00:11"]

1. e4 c6 2. d4 g6 3. Nf3 d6 4. h3 Bg7 5. Bd3 Nd7 6. O-O e5 7. Bg5 Ngf6 8. c3 h6 9. Be3 O-O 10. Nbd2 Qe7 11. a4 Nh5 12. Re1 Nf4 13. Bxf4 exf4 14. e5 dxe5 15. dxe5 Nc5 16. Bc2 Rd8 17. Qe2 a5 18. Qc4 g5 19. Ne4 Nxe4 20. Qxe4 Be6 21. Nd4 Rd5 22. Qh7+ Kf8 23. Bf5 Re8 24. Ra3 Rxe5 25. Rxe5 Bxe5 26. Bxe6 fxe6 27. Qxh6+ Bg7 28. Qg6 Qf6 29. Qh5 e5 30. Nf3 Bh6 31. Rb3 Re7 32. Qg4 e4 33. Nd4 e3 34. Rxb7 exf2+ 35. Kxf2 Rxb7 36. Qc8+ Kg7 37. Qxb7+ Kh8 38. Qxc6 Qf8 39. Ne6 Qf6 40. Qd5 g4 41. Qd8+ Qxd8 42. Nxd8 gxh3 43. gxh3 f3 44. Kxf3 Bc1 45. b3 Bd2 46. c4 Kg7 47. Ke4 Kf6 48. Kd5 Ke7 49. Nc6+ Kd7 50. Kc5 Kc7 51. Kb5 Kd6 52. Nxa5 Kc7 53. Nc6 Kd6 54. Nb4 Be3 55. Nd5 Bd4 56. h4 Ke5 57. h5 Kf5 58. a5 Kg5 59. a6 Kxh5 60. c5 Kg5 61. a7 Kf5 62. a8=Q Ke5 63. Nb4 Kf4 64. Qd5 Be3 65. Nd3+ Kg3 66. c6 1-0


[Site "https://www.chess.com"]

[Event "Titled Tuesday Blitz March 21 Late 2023"]
[White "Timofeev, Artyom"]
[Black "Zamorano, Jorge"]
[WhiteFideId "4140419"]
[BlackFideId "173770"]
[WhiteElo "2586"]
[BlackElo "2331"]
[Result "1-0"]
[Round "10"]
[TimeControl "180+2"]
[Date "2023.03.21"]
[WhiteClock "0:01:16"]
[BlackClock "0:00:32"]

1. e4 c5 2. Nf3 d6 3. d4 cxd4 4. Nxd4 Nf6 5. Nc3 a6 6. Be3 e5 7. Nf3 Be7 8. Bc4 O-O 9. O-O Be6 10. Qd3 Qc7 11. Bxe6 fxe6 12. Ng5 Qd7 13. Qc4 d5 14. exd5 exd5 15. Qb3 Nc6 16. Rad1 Rad8 17. Bb6 Nd4 18. Bxd4 exd4 19. Ne2 h6 20. Nf3 Bc5 21. Nexd4 Ne4 22. c3 Kh8 23. Qc2 Qg4 24. Ne5 Qh5 25. Nd3 Bd6 26. g3 Qh3 27. f3 Ng5 28. Qg2 Qd7 29. Rde1 Rf6 30. Kh1 Rdf8 31. Ne5 Qc7 32. Ng4 Rg6 33. Ne3 Qf7 34. f4 Ne4 35. Nxd5 Qxd5 36. Qxe4 Qh5 37. Kg2 Bc5 38. Ne6 1-0


[Site "https://www.chess.com"]

[Event "Titled Tuesday Blitz March 21 Late 2023"]
[White "Skvortsov, Andrei"]
[Black "Raja Rithvik R"]
[WhiteFideId "24108600"]
[BlackFideId "35007394"]
[WhiteElo "2259"]
[BlackElo "2402"]
[Result "1-0"]
[Round "10"]
[TimeControl "180+2"]
[Date "2023.03.21"]
[WhiteClock "0:01:39"]
[BlackClock "0:00:06"]

1. e4 c5 2. d4 cxd4 3. Qxd4 Nc6 4. Qd3 g6 5. Nc3 Bg7 6. Nf3 Nf6 7. Be2 d6 8. O-O Bg4 9. Nd5 O-O 10. c3 Rc8 11. Bg5 Nd7 12. Rfd1 h6 13. Bh4 Re8 14. Qe3 g5 15. Bg3 e6 16. Nb4 Nxb4 17. cxb4 Bxf3 18. gxf3 Bxb2 19. Rab1 Be5 20. Qxa7 Qb6 21. Qa4 Rc7 22. Bb5 Rd8 23. Kg2 Bxg3 24. hxg3 Ne5 25. Be2 Rdc8 26. Rd2 Rc3 27. Rbd1 R8c6 28. b5 R6c5 29. Rxd6 Qc7 30. b6 Qe7 31. Rd8+ Kg7 32. Qa8 Qf6 33. Qxb7 Nd3 34. R8xd3 1-0


[Site "https://www.chess.com"]

[Event "Titled Tuesday Blitz March 21 Late 2023"]
[White "Diaz Perez, Michel Alejandro"]
[Black "Kobo, Ori"]
[WhiteFideId "3517179"]
[BlackFideId "2812320"]
[WhiteElo "2333"]
[BlackElo "2447"]
[Result "1-0"]
[Round "10"]
[TimeControl "180+2"]
[Date "2023.03.21"]
[WhiteClock "0:00:06"]
[BlackClock "0:00:02"]

1. Nf3 d5 2. c4 d4 3. e3 Nc6 4. exd4 Nxd4 5. Nc3 c6 6. Nxd4 Qxd4 7. Be2 g6 8. d3 Bg7 9. Be3 Qd8 10. d4 Nh6 11. g4 f5 12. h3 O-O 13. Qd2 Nf7 14. O-O-O e5 15. d5 Qa5 16. Qc2 Bd7 17. Kb1 Rac8 18. f3 b5 19. dxc6 Bxc6 20. Nd5 Bxd5 21. Rxd5 f4 22. Bd2 Qb6 23. Bb4 Rfe8 24. c5 Qc6 25. Rhd1 a6 26. Qb3 Qe6 27. Bd3 Ng5 28. Bc2 Nxh3 29. Rd6 Qxb3 30. Bxb3+ Kh8 31. Rh1 Ng5 32. Bd5 e4 33. fxe4 f3 34. Rxg6 Nxe4 35. Re6 Ng5 36. Rxe8+ Rxe8 37. Rf1 h6 38. c6 Be5 39. Bd2 Bc7 40. Bxf3 1-0


[Site "https://www.chess.com"]

[Event "Titled Tuesday Blitz March 21 Late 2023"]
[White "Bartel, Mateusz"]
[Black "Papasimakopoulos, Alexandros"]
[WhiteFideId "1112635"]
[BlackFideId "4244125"]
[WhiteElo "2521"]
[BlackElo "2359"]
[Result "1-0"]
[Round "10"]
[TimeControl "180+2"]
[Date "2023.03.21"]
[WhiteClock "0:00:33"]
[BlackClock "0:00:01"]

1. d4 e6 2. Nf3 Nf6 3. g3 b5 4. Qd3 Ba6 5. c3 c5 6. dxc5 Bxc5 7. b4 Be7 8. Bg2 d5 9. O-O O-O 10. Nbd2 Qb6 11. Nb3 Bb7 12. Be3 Qa6 13. Bc5 Nc6 14. Nfd4 Ne5 15. Qxb5 Qxb5 16. Nxb5 Bxc5 17. Nxc5 Bc6 18. Nd4 Rfc8 19. a4 Ned7 20. Ncb3 Nb6 21. a5 Nc4 22. Rfc1 Be8 23. e3 Rab8 24. Nc5 Nd7 25. Ndb3 Nce5 26. f4 Nxc5 27. Nxc5 Nd7 28. Nxd7 Bxd7 29. Kf2 Bb5 30. e4 Bc4 31. Ke3 h5 32. Rab1 Rc7 33. Rb2 g6 34. Rd2 Kf8 35. exd5 Bxd5 36. Bxd5 exd5 37. Rxd5 Rxb4 38. cxb4 Rxc1 39. Rd7 Rc4 40. Rb7 a6 41. Kd3 Rc1 42. Rb6 Rb1 43. Kc3 h4 44. gxh4 Rh1 45. Rxa6 Rxh2 46. Rb6 Rh3+ 47. Kb2 Rh2+ 48. Kb3 Rh3+ 49. Ka4 Rxh4 50. a6 Rxf4 51. a7 Rf1 52. a8=Q+ Kg7 53. Qd5 Rf5 54. Qd4+ Kh7 55. Rb8 Rh5 56. Rh8# 1-0


[Site "https://www.chess.com"]

[Event "Titled Tuesday Blitz March 21 Late 2023"]
[White "Szente Varga, Fruzsina"]
[Black "Averjanov, Alexey"]
[WhiteFideId "712264"]
[BlackFideId "14109867"]
[WhiteElo "1994"]
[BlackElo "2799"]
[Result "0-1"]
[Round "10"]
[TimeControl "180+2"]
[Date "2023.03.21"]
[WhiteClock "0:00:03"]
[BlackClock "0:00:17"]

1. e4 c6 2. d4 d5 3. Nc3 dxe4 4. Nxe4 Bf5 5. Ng3 Bg6 6. c3 Nf6 7. Bc4 e6 8. N1e2 Nd5 9. O-O Nd7 10. f4 Bd6 11. f5 exf5 12. Nxf5 Bxf5 13. Rxf5 N7b6 14. Bd3 Qh4 15. g3 Qh3 16. Nf4 Nxf4 17. Bxf4 Bxf4 18. Qe2+ Kf8 19. Rxf4 Nd5 20. Rf3 Re8 21. Qf2 Qd7 22. Rf1 Re7 23. Bf5 Qd6 24. Bd3 Nf6 25. Rf4 h5 26. Qf3 Rh6 27. Bc4 b5 28. Bb3 a6 29. Rf5 Kg8 30. Rg5 Kf8 31. Rf5 Rg6 32. Bc2 Rh6 33. Kg2 Kg8 34. Rg5 Nd5 35. Be4 Rf6 36. Rf5 Rxf5 37. Bxf5 Ne3+ 38. Kh3 Nxf1 39. Qxf1 Qf6 40. Qd3 g6 41. Bc8 Qf2 42. d5 Re2 43. Kh4 Re3 44. Qd4 Qxh2+ 45. Kg5 Qxg3+ 46. Kh6 Re5 0-1


[Site "https://www.chess.com"]

[Event "Titled Tuesday Blitz March 21 Late 2023"]
[White "Bruedigam, Martin"]
[Black "Makhnev, Denis"]
[WhiteFideId "24608033"]
[BlackFideId "13707647"]
[WhiteElo "2331"]
[BlackElo "2525"]
[Result "0-1"]
[Round "10"]
[TimeControl "180+2"]
[Date "2023.03.21"]
[WhiteClock "0:01:06"]
[BlackClock "0:02:00"]

1. d4 d5 2. c4 Nc6 3. Nf3 Bg4 4. cxd5 Bxf3 5. dxc6 Bxc6 6. Nc3 Nf6 7. f3 e5 8. dxe5 Qxd1+ 9. Nxd1 Bb4+ 10. Bd2 Bxd2+ 11. Kxd2 O-O-O+ 12. Kc2 Nd7 13. Nc3 Nxe5 14. e4 g5 15. Be2 h5 16. Rad1 h4 17. Rxd8+ Rxd8 18. g3 Rh8 19. f4 Ng6 20. Rf1 hxg3 21. hxg3 gxf4 22. gxf4 Rh4 23. f5 Ne5 24. Bd3 Rh2+ 25. Be2 Bxe4+ 26. Nxe4 Rxe2+ 27. Nd2 Nc4 28. Kd3 Nxd2 0-1


[Site "https://www.chess.com"]

[Event "Titled Tuesday Blitz March 21 Late 2023"]
[White "Hansen, Eric"]
[Black "Fernandez Guillen, Ernesto J."]
[WhiteFideId "2606771"]
[BlackFideId "3512428"]
[WhiteElo "2569"]
[BlackElo "2423"]
[Result "1-0"]
[Round "10"]
[TimeControl "180+2"]
[Date "2023.03.21"]
[WhiteClock "0:01:47"]
[BlackClock "0:00:46"]

1. d4 Nf6 2. c4 g6 3. Nc3 Bg7 4. h4 h6 5. e4 d6 6. Be2 O-O 7. Be3 e5 8. d5 a5 9. g4 Na6 10. g5 hxg5 11. hxg5 Nd7 12. Nf3 Ndc5 13. Nd2 Nb4 14. Qb1 f5 15. gxf6 Qxf6 16. a3 Nba6 17. Qc2 Bd7 18. O-O-O Nb4 19. Qb1 b6 20. Rdg1 Ra7 21. Nb5 Bxb5 22. cxb5 Rfa8 23. Rg3 a4 24. Kd1 Nb3 25. Bg4 Nd4 26. Bxd4 exd4 27. Be6+ Kf8 28. Rf3 d3 29. e5 Qxf3+ 30. Nxf3 Nc2 31. Qc1 1-0


[Site "https://www.chess.com"]

[Event "Titled Tuesday Blitz March 21 Late 2023"]
[White "Terry, Renato"]
[Black "Tregubov, Pavel V."]
[WhiteFideId "3803457"]
[BlackFideId "4115341"]
[WhiteElo "2579"]
[BlackElo "2425"]
[Result "1-0"]
[Round "10"]
[TimeControl "180+2"]
[Date "2023.03.21"]
[WhiteClock "0:00:20"]
[BlackClock "0:00:01"]

1. a3 d5 2. Nf3 Nf6 3. e3 Bg4 4. b4 e6 5. Bb2 a5 6. b5 Nbd7 7. c4 Nb6 8. cxd5 exd5 9. Qc2 Be7 10. Nd4 O-O 11. Bd3 Re8 12. h3 Bh5 13. f4 Ne4 14. O-O Bf6 15. a4 h6 16. Na3 Ng3 17. Rf2 Bh4 18. Nf3 Ne4 19. Rff1 Bf6 20. Ne5 Nd7 21. Bxe4 dxe4 22. Nac4 Be2 23. Rf2 Nxe5 24. Nxe5 Bd3 25. Qb3 Bxe5 26. fxe5 Qe7 27. Bd4 Qe6 28. Qc3 Rac8 29. Qxa5 c5 30. bxc6 bxc6 31. Qc5 Red8 32. Bc3 Rd5 33. Qb6 Ra8 34. a5 Ra6 35. Qb8+ Kh7 36. Qf8 Rd7 37. Kh2 c5 38. Qxc5 Rc6 39. Qa3 Rb7 40. Qa2 Bc4 41. Qc2 Bd3 42. Qd1 Rxc3 43. dxc3 Qxe5+ 44. Kh1 Qxc3 45. a6 Ra7 46. Rfa2 Qc5 47. Qd2 Qg5 48. Qf2 h5 49. Ra5 Qg6 50. Qh4 f6 51. Rxh5+ Kg8 52. Rha5 Be2 53. Qf4 Bd3 54. Qb8+ Kh7 55. Qxa7 1-0


[Site "https://www.chess.com"]

[Event "Titled Tuesday Blitz March 21 Late 2023"]
[White "Jessel, Stephen"]
[Black "Narayanan.S.L"]
[WhiteFideId "628859"]
[BlackFideId "5058422"]
[WhiteElo "2268"]
[BlackElo "2547"]
[Result "0-1"]
[Round "10"]
[TimeControl "180+2"]
[Date "2023.03.21"]
[WhiteClock "0:00:01"]
[BlackClock "0:00:45"]

1. g3 g6 2. Bg2 f5 3. Nf3 Bg7 4. d4 Nf6 5. O-O O-O 6. b4 d6 7. Bb2 h6 8. c4 g5 9. Nc3 Qe8 10. Qb3 Kh8 11. Nd5 Nxd5 12. cxd5 f4 13. Rac1 c6 14. dxc6 Nxc6 15. d5 Ne5 16. Nxe5 dxe5 17. Rc7 Bg4 18. Re1 Qf7 19. Rxb7 Rac8 20. d6 Qxb3 21. axb3 exd6 22. Be4 Rb8 23. f3 Rxb7 24. Bxb7 Be6 25. Ra1 Bxb3 26. Rxa7 Bc4 27. Ba6 Bxa6 28. Rxa6 Rb8 29. Rxd6 Rxb4 30. Rd2 Kh7 31. Kg2 Bf6 32. Rc2 Kg6 33. g4 h5 34. h3 h4 35. Kf2 Kf7 36. Kf1 Rb6 37. Ke1 Ke6 38. Kd2 Be7 39. Kc1 Bb4 40. Bc3 Bc5 41. Bd2 Bd4 42. Ba5 Ra6 43. Bc3 Bxc3 44. Rxc3 Ra1+ 45. Kd2 Rh1 46. Rc6+ Kf7 47. Rc7+ Kf8 48. Rc8+ Ke7 49. Rc7+ Ke6 50. Rc6+ Kd5 51. Rg6 e4 52. Rxg5+ Kd4 53. fxe4 Rxh3 54. e5 Rh2 55. Rf5 h3 56. e6 f3 57. Rxf3 Rg2 58. e7 h2 59. Rh3 Rg3 60. Rxh2 Re3 61. Rh7 Re6 62. g5 Ke5 63. g6 Kf6 64. g7 Kf7 65. Rh8 Rd6+ 0-1


[Site "https://www.chess.com"]

[Event "Titled Tuesday Blitz March 21 Late 2023"]
[White "Chigaev, Maksim"]
[Black "Vovk, Orest"]
[WhiteFideId "4108116"]
[BlackFideId "14113490"]
[WhiteElo "2547"]
[BlackElo "2215"]
[Result "1-0"]
[Round "10"]
[TimeControl "180+2"]
[Date "2023.03.21"]
[WhiteClock "0:00:53"]
[BlackClock "0:00:06"]

1. b3 Nf6 2. Bb2 Rg8 3. h4 h6 4. c4 d5 5. cxd5 Nxd5 6. g3 g5 7. hxg5 hxg5 8. Bg2 Nc6 9. Nc3 Nxc3 10. Bxc3 Be6 11. d4 Bg7 12. e3 Qd6 13. Ne2 Bg4 14. Qc2 O-O-O 15. Rc1 Bd7 16. Rh7 e6 17. Rxg7 Rxg7 18. d5 Ne5 19. f4 gxf4 20. exf4 f6 21. fxe5 fxe5 22. dxe6 Bc6 23. Bxe5 Qxe5 24. Bxc6 bxc6 25. Qxc6 Kb8 26. Rc5 Qa1+ 27. Kf2 Rf8+ 28. Ke3 Qf1 29. Rb5+ 1-0


[Site "https://www.chess.com"]

[Event "Titled Tuesday Blitz March 21 Late 2023"]
[White "Ismagilov, Damir"]
[Black "Yeletsky, Ivan"]
[WhiteFideId "34199982"]
[BlackFideId "24180327"]
[WhiteElo "2078"]
[BlackElo "2414"]
[Result "1-0"]
[Round "10"]
[TimeControl "180+2"]
[Date "2023.03.21"]
[WhiteClock "0:00:10"]
[BlackClock "0:00:04"]

1. d4 c6 2. Nf3 Nf6 3. c4 d5 4. e3 a6 5. Nbd2 Bf5 6. Be2 h6 7. O-O e6 8. b3 Nbd7 9. Bb2 Bd6 10. Rc1 Qb8 11. Re1 g5 12. Nf1 Rg8 13. cxd5 cxd5 14. Bd3 Bxd3 15. Qxd3 Ne4 16. Ng3 f5 17. Qe2 Ke7 18. Rc2 Rc8 19. Rxc8 Qxc8 20. Nxe4 dxe4 21. Ne5 Nf6 22. Rc1 Qe8 23. Nc4 Rc8 24. Nxd6 Rxc1+ 25. Bxc1 Kxd6 26. Ba3+ Kc7 27. Qc4+ Qc6 28. Bf8 h5 29. Be7 Nh7 30. Kf1 Qxc4+ 31. bxc4 Kd7 32. Bc5 b5 33. cxb5 axb5 34. Ke2 Nf6 35. h3 g4 36. h4 Nd5 37. g3 Kc6 38. Kd2 Kb7 39. a3 Ka6 40. Kc2 Ka5 41. Kb3 Nc7 42. Bd6 Nd5 43. Bc5 Ka6 44. Kc2 Nf6 45. Be7 Ne8 46. Bb4 Kb6 47. Bc5+ Kc6 48. Bb4 Nc7 49. Kb3 Na8 50. Ba5 Kd5 51. Kb4 Kc6 52. a4 bxa4 53. Kxa4 Nb6+ 54. Bxb6 Kxb6 55. Kb4 Kc6 56. Ka5 Kd5 57. Kb5 Kd6 58. Kb6 Kd5 59. Kc7 Kc4 60. Kd6 Kd3 61. Kxe6 Ke2 62. Kxf5 Kxf2 63. Kf4 1-0


[Site "https://www.chess.com"]

[Event "Titled Tuesday Blitz March 21 Late 2023"]
[White "Tanenbaum, Zachary"]
[Black "Pniaczek, Marek"]
[WhiteFideId "2060850"]
[BlackFideId "21800421"]
[WhiteElo "2175"]
[BlackElo "2138"]
[Result "1-0"]
[Round "10"]
[TimeControl "180+2"]
[Date "2023.03.21"]
[WhiteClock "0:00:06"]
[BlackClock "0:00:01"]

1. e4 e5 2. Nf3 Nc6 3. Bc4 Bc5 4. c3 Nf6 5. d4 exd4 6. b4 Bb6 7. e5 Ne4 8. Bd5 Nxc3 9. Nxc3 dxc3 10. Bg5 Ne7 11. O-O h6 12. Bh4 a5 13. Qb3 O-O 14. Be4 Qe8 15. Qxc3 axb4 16. Qxb4 Nc6 17. Qd2 Nxe5 18. Rae1 Ba5 19. Qc1 Bxe1 20. Rxe1 d6 21. Nd4 Qa4 22. Qc3 Qa3 23. Qxc7 Qxa2 24. Qxd6 Nc4 25. Bh7+ Kxh7 26. Qxf8 Be6 27. Qb4 Ra4 28. Qxb7 Qd2 29. Qe4+ Kh8 30. Nxe6 fxe6 31. Qxe6 Nd6 32. Bg3 Ne4 33. Rf1 Qe2 34. Qe8+ 1-0


[Site "https://www.chess.com"]